 Dungeon Crawl Stone Soup version 0.27.1-16-g815e20cd7a (webtiles) character file.

Game seed: 6459213704747393966

3 Descartes the Grasshopper (level 1, 9/9 HPs)
             Began as a Felid Warper on Nov 23, 2021.
             Was a Follower of Sif Muna.
             Got out of the dungeon alive.
             The game lasted 00:00:47 (299 turns).

Descartes the Grasshopper (Felid Warper)             Turns: 299, Time: 00:00:48

Health: 9/9        AC:  1    Str:  7    XL:     1   Next: 41%
Magic:  4/4        EV: 17    Int: 14    God:    Sif Muna [*.....]
Gold:   14         SH:  0    Dex: 15    Spells: 4/4 levels left
                                        Lives:  0   Deaths: 0

rFire    . . .     SeeInvis +     - Unarmed
rCold    . . .     Faith    .   (shield unavailable)
rNeg     . . .     Spirit   .   (armour unavailable)
rPois    .         Reflect  .   (helmet unavailable)
rElec    .         Harm     .   (cloak unavailable)
rCorr    .         Rampage  .   (gloves unavailable)
Will     .....                  (boots unavailable)
Stlth    +.........             (no amulet)
HPRegen  0.03/turn              (no ring)
MPRegen  0.09/turn              (no ring)

@: quick
A: very small, claws 1, fangs 3, see invisible, speed 1, shaggy fur 1, stealthy
paws, no weapons or thrown items, no armour, multi-lived
a: Renounce Religion, Channel Magic


You escaped.
You worshipped Sif Muna.
Sif Muna was aware of your devotion.
You visited 1 branch of the dungeon, and saw 1 of its levels.

You collected 14 gold pieces.

Inventory:

Missiles
 c - 19 stones
Scrolls
 a - a scroll of blinking
 d - a scroll of silence {unknown}
 e - 2 scrolls of identify {unknown}
Potions
 b - a potion of attraction {unknown}


   Skills:
 + Level 2.0 Fighting
 * Level 3.3 Dodging
 + Level 2.0 Unarmed Combat
 - Level 2.0 Spellcasting
 + Level 4.4 Translocations


You had 4 spell levels left.
You didn't know any spells.
Your spell library contained the following spells:

 Spells                   Type           Power      Damage    Failure   Level
 Blink                    Tloc           N/A        N/A       6%          2
 Gell's Gravitas          Tloc           6%         N/A       12%         3
 Lesser Beckoning         Tloc           6%         N/A       12%         3
 Teleport Other           Tloc           13%        N/A       12%         3
 Manifold Assault         Tloc           13%        N/A       71%         5


Dungeon Overview and Level Annotations

Branches:
Dungeon (1/15)

Altars:
Sif Muna


Innate Abilities, Weirdness & Mutations

You have sharp claws.
You have razor-sharp teeth.
You have supernaturally acute eyesight. (SInv)
You cover ground quickly. (Speed+)
You are covered in fur. (AC +1)
Your paws help you pounce on unaware monsters.
You are incapable of wielding weapons or throwing items.
You cannot wear armour.
You gain extra lives every three experience levels.


Message History

HP restored.
You see here a bat corpse.
Found 11 arrows.
You open the door.
Found a faded altar of an unknown god.
You open the door.
There is an open door here.
There is a faded altar of an unknown god here.
There is an open door here.
You see here 11 arrows.
A dart slug comes into view.
Found a stone staircase leading down.
You pounce on the unaware helpless dart slug!
You claw the dart slug!
The dart slug is almost dead.
The dart slug launches a dart at you. The slug dart hits you.
You scratch the dart slug.
You kill the dart slug!
No target in view!
No target in view!
No target in view!
No target in view!
No target in view!
No target in view!
No target in view!
No target in view!
You see here 11 arrows.
There is an open door here.
There is a faded altar of an unknown god here.
You cannot tell which god this altar belongs to.
Convert to them anyway?
Sif Muna accepts your prayer! Sif Muna welcomes you!
You can now call upon Sif Muna for magical energy.
You offer a prayer to Sif Muna.
There is an open door here.
You see here a bat corpse.
There is a staircase leading out of the dungeon here.
Are you sure you want to leave the Dungeon?
This will make you lose the game!
You have escaped!

##################....#..
######.....#######....#..
##...#.....#...###....#.#
##.8.#.....#.8.###......#
##...#.....#...###....###
#######.....#######....###
#................##.##.#..
...................##.##.#.#
###........@........#.##.#..
#..................)##....
#................##.######
#.#####.....#######.# #
#.#!..#.....#...###.# #
#.#.8.#.....#.8.###.# #
.#...#.....#...###.# #
#####.....#######.#
............ ..


There were no monsters in sight!

Vanquished Creatures
  A dart slug (D:1)
  A bat (D:1)
2 creatures vanquished.

Notes
Turn   | Place    | Note
-------+----------+-------------------------------------------
     0 | D:1      | Descartes the Felid Warper began the quest for the Orb.
     0 | D:1      | Reached XP level 1. HP: 9/9 MP: 4/4
   180 | D:1      | Found a faded altar of an unknown god.
   265 | D:1      | Became a worshipper of Sif Muna the Loreminder
   265 | D:1      | Reached * piety under Sif Muna
   299 | D:$      | Got out of the dungeon alive.

Illustrated notes

Levels and vault maps discovered:
D:1:      minmay_arrival_glassed_features, layout_basic,
          dreamdust_ecumenical_altar_angels_and_demons

Action                   || total
-------------------------++-------
Melee: Unarmed           ||     6
 Stab: Sleeping          ||     1
Armor: Skin              ||     3
Dodge: Dodged            ||     2
